 Dungeon Crawl Stone Soup version 0.23.2-1-ga50397a6bc (webtiles) character file.

Game seed: 2763067625872826890

4578 Mrkan the Grappler (level 10, -3/92 HPs)
             Began as a Troll Monk on May 14, 2019.
             Was an Elder of the Shining One.
             Slain by a killer bee (6 damage)
             ... on level 9 of the Dungeon.
             The game lasted 00:14:55 (5870 turns).

Mrkan the Grappler (Troll Monk)                     Turns: 5870, Time: 00:14:55

Health: -3/92      AC:  6    Str: 20 (21) XL:     10   Next: 18%
Magic:  9/9        EV: 10    Int:  5 (6)  God:    the Shining One [****..]
Gold:   510        SH:  0    Dex: 12 (15) Spells: 9/9 levels left

rFire    . . .     SeeInvis .     - Unarmed
rCold    . . .     Gourm    +   (no shield)
rNeg     + + .     Faith    .   a - +0 robe
rPois    .         Spirit   .   (helmet restricted)
rElec    .         Reflect  .   (no cloak)
rCorr    .         Harm     .   (gloves unavailable)
MR       .....                  (boots unavailable)
Stlth    +.........             h - amulet of regeneration
HPRegen  1.05/turn              (no ring)
MPRegen  0.11/turn              (no ring)

@: lethally poisoned (-3 -> -16), glowing
A: large, unfitting armour, claws 3, fast metabolism 3, gourmand, regeneration
1, shaggy fur 1, tough skin 3
a: Divine Shield, Cleansing Flame, Renounce Religion


You were on level 9 of the Dungeon.
You worshipped the Shining One.
The Shining One was greatly pleased with you.
You were not hungry.

You visited 1 branch of the dungeon, and saw 9 of its levels.

You collected 510 gold pieces.

Inventory:

Armour
 a - a +0 robe (worn)
Jewellery
 h - an amulet of regeneration (around neck)
 p - a cursed amulet of guardian spirit
 r - an uncursed amulet of faith {unknown}
 s - a cursed -3 ring of dexterity
 B - an uncursed ring of stealth {unknown}
Wands
 x - a wand of polymorph (5)
 A - a wand of acid (7)
 D - a wand of flame (6)
Scrolls
 c - 2 scrolls of random uselessness {unknown}
 d - 2 scrolls of fog {unknown}
 f - 5 scrolls of identify
 j - a scroll of amnesia {unknown}
 k - 7 scrolls of remove curse {unknown}
 l - 3 scrolls of immolation
 m - 3 scrolls of teleportation
 t - a scroll of blinking {unknown}
 v - 2 scrolls of magic mapping {unknown}
 y - a scroll of fear {unknown}
 F - a scroll of enchant armour {unknown}
Potions
 e - a potion of cancellation {unknown}
 g - a potion of mutation {unknown}
 i - 8 potions of curing {unknown}
 n - a potion of flight {unknown}
 o - a potion of agility
 q - a potion of might {unknown}
 u - a potion of invisibility {unknown}
 w - 2 potions of haste {unknown}
 z - 2 potions of degeneration
 C - a potion of berserk rage {unknown}
 E - a potion of heal wounds {unknown}
Comestibles
 b - 12 rations


   Skills:
 + Level 3.8 Fighting
 - Level 2.4 Dodging
 - Level 1.0 Stealth
 * Level 14.1 Unarmed Combat


You had 9 spell levels left.
You didn't know any spells.
Your spell library was empty.

Dungeon Overview and Level Annotations

Branches:
Dungeon (9/15)             Temple (0/1) D:7
   Lair: D:8-11         Orc: D:9-12

Altars:
Ashenzari
Dithmenos
Elyvilon
Fedhas
Gozag
Kikubaaqudgha
Makhleb
Nemelex Xobeh
Ru
Sif Muna
Trog
Xom
Zin
The Shining One


Innate Abilities, Weirdness & Mutations

You are too large for most types of armour.
You have claws for hands.
Your metabolism is lightning-fast.
You like to eat raw meat.
Your natural rate of healing is unusually fast.
You are covered in fur. (AC +1)
You have extremely tough skin. (AC +3)


Message History

* * * LOW HITPOINT WARNING * * *
You feel very sick.
The killer bee stings you but does no damage.
The killer bee stings you!
* * * LOW HITPOINT WARNING * * *
It was a potion of degeneration.
There was something very wrong with that liquid.
You feel weakened.
You feel dopey.
You feel clumsy.
* * * LOW HITPOINT WARNING * * *
You feel very sick. The killer bee barely misses you.
The killer bee closely misses you.
You closely miss the killer bee. Your claw misses the killer bee.
The killer bee is lightly wounded.
* * * LOW HITPOINT WARNING * * *
You feel very sick.
You closely miss the killer bee.
* * * LOW HITPOINT WARNING * * *
You feel sick. The killer bee closely misses you. x2
The killer bee stings you.
You die...

####### #.....#
#.....#
..#######.....#
......y@#.....#
......#y+.....#
..... #y#.....#
.... #O#.....#
... #.......#
.. #...........
. #.....####..
#....## #
.....#.


You could see a two-headed ogre and 3 killer bees.

Vanquished Creatures
  An unseen horror (D:6)
  Joseph (D:8)
  A wyvern (D:8)
  3 sky beasts
  An orc warrior (D:8)
  4 ice beasts
  A necrophage (D:7)
  4 ogres
  A phantom (D:4)
  3 centaurs
  4 bullfrogs
  3 scorpions
  8 killer bees (D:9)
  4 howler monkeys
  3 bullfrog zombies
  A centaur zombie (D:5)
  3 hounds
  A jelly (D:8)
  3 orc priests
  A gnoll shaman (D:5)
  A bullfrog skeleton (D:4)
  8 orc wizards
  2 centaur skeletons
  2 iguanas
  6 worker ants
  A hound zombie (D:4)
  A worker ant zombie (D:5)
  7 gnolls
  9 adders
  A shadow imp (D:7)
  2 oozes (D:3)
  An adder skeleton (D:7)
  An adder zombie (D:6)
  3 worms
  2 dart slugs
  4 leopard geckos
  19 orcs
  A ball python (D:2)
  4 giant cockroaches
  8 goblins
  8 hobgoblins
  7 jackals (D:2)
  11 kobolds
  2 quokkas (D:2)
  5 bats
  3 frilled lizards
  A jackal skeleton (D:7)
  7 rats
  A rat zombie (D:6)
179 creatures vanquished.

Notes
Turn   | Place    | Note
-------+----------+-------------------------------------------
     0 | D:1      | Mrkan the Troll Monk began the quest for the Orb.
     0 | D:1      | Reached XP level 1. HP: 22/22 MP: 0/0
    94 | D:1      | Reached XP level 2. HP: 29/29 MP: 1/1
   790 | D:2      | Reached XP level 3. HP: 35/36 MP: 2/2
   795 | D:2      | Reached skill level 4 in Unarmed Combat
   953 | D:2      | Found a shimmering altar of Xom.
  1097 | D:2      | Found an opulent altar of Gozag.
  1251 | D:2      | Found a glowing golden altar of the Shining One.
  1268 | D:2      | Became a worshipper of the Shining One
  1268 | D:2      | Reached * piety under the Shining One
  1268 | D:2      | Reached ** piety under the Shining One
  1306 | D:2      | Found a sparkling altar of Nemelex Xobeh.
  1348 | D:3      | Reached XP level 4. HP: 41/44 MP: 3/3
  1360 | D:3      | Found a faded altar of an unknown god.
  1502 | D:3      | Reached skill level 5 in Unarmed Combat
  1507 | D:3      | Reached XP level 5. HP: 13/52 MP: 4/4
  1566 | D:3      | Found an opulent altar of Gozag.
  1833 | D:3      | Found a white marble altar of Elyvilon.
  2126 | D:4      | Noticed a phantom
  2128 | D:4      | Noticed an ogre
  2140 | D:4      | Killed an ogre
  2140 | D:4      | Reached skill level 6 in Unarmed Combat
  2140 | D:4      | Reached XP level 6. HP: 33/61 MP: 5/5
  2237 | D:4      | Reached skill level 7 in Unarmed Combat
  2401 | D:4      | Reached XP level 7. HP: 63/67 MP: 6/6
  2550 | D:4      | Reached skill level 8 in Unarmed Combat
  3053 | D:5      | Entered Level 5 of the Dungeon
  3213 | D:5      | Reached skill level 9 in Unarmed Combat
  3463 | D:5      | Reached XP level 8. HP: 75/75 MP: 7/7
  3470 | D:5      | Found a shattered altar of Ashenzari.
  3503 | D:5      | Found a deep blue altar of Sif Muna.
  3919 | D:6      | Reached *** piety under the Shining One
  3926 | D:6      | Reached skill level 10 in Unarmed Combat
  4054 | D:6      | Reached skill level 11 in Unarmed Combat
  4073 | D:6      | Found a blossoming altar of Fedhas.
  4085 | D:6      | Noticed an unseen horror
  4095 | D:6      | Killed an unseen horror
  4095 | D:6      | Reached XP level 9. HP: 46/83 MP: 8/8
  4145 | D:6      | Found a bloodstained altar of Trog.
  4460 | D:6      | Found an ancient bone altar of Kikubaaqudgha.
  4561 | D:7      | Found a staircase to the Ecumenical Temple.
  4627 | D:7      | Found a burning altar of Makhleb.
  4629 | D:7      | Found a glowing silver altar of Zin.
  4629 | D:7      | Noticed a cacodemon
  4629 | D:7      | Noticed an angel
  4663 | D:7      | Reached skill level 12 in Unarmed Combat
  5021 | D:7      | Found a shadowy altar of Dithmenos.
  5258 | D:8      | Found a sacrificial altar of Ru.
  5356 | D:8      | Reached skill level 13 in Unarmed Combat
  5664 | D:8      | Noticed Joseph
  5664 | D:8      | Reached **** piety under the Shining One
  5669 | D:8      | Reached XP level 10. HP: 84/92 MP: 9/9
  5677 | D:8      | Killed Joseph
  5848 | D:9      | Reached skill level 14 in Unarmed Combat
  5865 | D:9      | Noticed a two-headed ogre
  5869 | D:9      | HP: 4/92 [poisoned by a killer bee]
  5870 | D:9      | Slain by a killer bee

Skill      XL: |  1  2  3  4  5  6  7  8  9 10 |
---------------+-------------------------------+-----
Unarmed Combat | 4 5 6 7 9 11 13 14 | 14.1
Fighting       | 3 |  3.8
Dodging        | |  2.4
Stealth        | |  1.0

Action                   |  1- 3 |  4- 6 |  7- 9 | 10-12 || total
-------------------------+-------+-------+-------+-------++-------
Melee: Unarmed           |   125 |    83 |   214 |    32 ||   454
       Punch             |       |     3 |    11 |     3 ||    17
  Use: Scroll            |       |       |     5 |       ||     5
       Potion            |       |       |       |     1 ||     1
 Stab: Sleeping          |     1 |       |       |       ||     1
  Eat: Ration            |     1 |     1 |     2 |     1 ||     5
       Chunk             |     5 |     7 |    23 |       ||    35
Armor: Robe              |    34 |    13 |    49 |    13 ||   109
Dodge: Dodged            |    47 |    40 |    94 |    20 ||   201
